cohdb
Replays
Latest Replays
All Replays
Popular Replays
Top Player Replays
Match Explorer
How It Works
Community
CoH3 Stats
Reddit
Sign in to upload your games and track your stats! →
Sign in with Steam
Match 44149756
Unlisted
Match 44149756
Overview
Messages
Build Orders
End
Panzergrenadier Squad
250 Light Carrier
Selects Panzerjäger Kommand Battlegroup
Selects Blockade Equipment
Panzergrenadier Squad
Construct Light Support Kompanie
Selects GrB 39 Grenade Launcher Requisition
2.5-tonne Medical Truck
Fire Support Elements
MG34 Team
Panzerpioneer Squad
Construct Mechanized Kompanie
8 Rad Armored Car
Pak 38 Mechanized Group
Flakvierling Half-track
Marder III Tank Destroyer
Vehicle Survival Package
RhumsteaK
DIKE815_KR
King Raptor
SHELDONATOR
BBzRare
tang12129971
云墨
ReverseAverage
0
0
Comments
sign in to comment!
No comments posted yet!